 Dungeon Crawl Stone Soup version 0.20.1-1-g8b1a95d (webtiles) character file.

35720 Gargoyl the Protected (level 13, -2/108 HPs)
             Began as a Minotaur Abyssal Knight on Sept 14, 2017.
             Was an Elder of Lugonu.
             Slain by a 12-headed hydra (8 damage)
             ... on level 6 of the Lair of Beasts.
             The game lasted 00:36:49 (16403 turns).

Gargoyl the Protected (Minotaur Abyssal Knight)    Turns: 16403, Time: 00:36:49

Health: -2/108     AC: 28    Str: 15 (18) XL:     13   Next: 49%
Magic:  18/18      EV:  6    Int:  9      God:    Lugonu [****..]
Gold:   786        SH: 17    Dex: 11 (14) Spells: 12/12 levels left

rFire    . . .     SeeInvis .   a - +4 hand axe (flame)
rCold    . . .     Gourm    .   g - +0 large shield
rNeg     + . .     Faith    .   h - +4 shadow dragon scales
rPois    +         Spirit   .   (helmet restricted)
rElec    .         Reflect  .   p - +2 cloak
rCorr    .         Harm     .   m - +2 pair of gloves
MR       .....                  K - +0 pair of boots
Stlth    +++++.....             L - amulet of regeneration
Regen    0.7/turn               e - ring of poison resistance
MPRegen  0.2/turn               M - ring of positive energy

@: no status effects
A: retaliatory headbutt, horns 2
a: Depart the Abyss, Bend Space, Banish, Corrupt, Renounce Religion


You were on level 6 of the Lair of Beasts.
You worshipped Lugonu.
Lugonu was greatly pleased with you.
You were hungry.

You visited 2 branches of the dungeon, and saw 14 of its levels.
You visited the Abyss 1 time.
You also visited: Labyrinth and Sewer.

You collected 847 gold pieces.
You spent 61 gold pieces at shops.

Inventory:

Hand Weapons
 a - a +4 hand axe of flaming (weapon)
 H - a +1 hand axe of venom
Missiles
 w - a tomahawk (quivered)
Armour
 g - a +0 large shield (worn)
 h - +4 shadow dragon scales (worn)
 m - a +2 pair of gloves (worn)
 p - a +2 cloak (worn)
 K - a +0 pair of boots (worn)
 P - a scarf of cloud immunity
Jewellery
 e - a ring of poison resistance (left hand)
 L - an amulet of regeneration (around neck)
 M - a ring of positive energy (right hand)
 T - a +2 ring of slaying {unknown}
Scrolls
 k - 6 scrolls of remove curse
 o - 4 scrolls of identify
 q - 9 scrolls of teleportation
 s - 2 scrolls of fog
 t - 3 scrolls of recharging
 R - a scroll of blinking
Potions
 f - a potion of lignification
 j - 2 potions of resistance
 l - 2 potions of haste
 n - a potion of flight {unknown}
 u - a potion of berserk rage
 v - 2 potions of degeneration
 B - a potion of brilliance
 C - a potion of agility {unknown}
 I - a potion of invisibility {unknown}
 N - 4 potions of mutation {unknown}
Miscellaneous
 G - a box of beasts
Comestibles
 c - 4 bread rations
 d - 10 meat rations
 i - 5 royal jellies
 x - 10 fruits


   Skills:
 + Level 8.4 Fighting
 + Level 12.2 Axes
 + Level 1.7 Throwing
 * Level 12.6 Armour
 + Level 4.0 Dodging
 * Level 8.9 Stealth
 + Level 12.3 Shields
 * Level 9.2 Invocations


You had 12 spell levels left.
You didn't know any spells.

Dungeon Overview and Level Annotations

Branches:
Dungeon (8/15)             Temple (0/1) D:5            Lair (6/6) D:8
 Shoals (0/4) Lair:4        Snake (0/4) Lair:4        Slime (0/5) Lair:6

Altars:
Ashenzari
Cheibriados
Dithmenos
Elyvilon
Hepliaklqana
Kikubaaqudgha
Makhleb
Okawaru
Xom

Shops:
D:7 (

Annotations:
Lair:2 exclusion: ice statue
Lair:6 exclusion: oklob plant


Innate Abilities, Weirdness & Mutations

You reflexively headbutt those who attack you in melee.
You have a pair of horns on your head.


Message History

The 13-headed hydra bites you but does no damage. x4
Your +1 hand axe of venom stops dripping with poison.
Your +4 hand axe of flaming bursts into flame!
a - a +4 hand axe of flaming (weapon)
You chop one of the 13-headed hydra's heads off!
The flame cauterises the wound!
You slash the 12-headed hydra! You burn the 12-headed hydra.
You headbutt the 12-headed hydra.
The 12-headed hydra is severely wounded.
The 12-headed hydra bites you but does no damage.
You block the 12-headed hydra's attack.
The 12-headed hydra bites you but does no damage.
You block the 12-headed hydra's attack. x2; The 12-headed hydra bites you.
* * * LOW HITPOINT WARNING * * *
The 12-headed hydra bites you but does no damage. x2
The 12-headed hydra bites you!
* * * LOW HITPOINT WARNING * * *
The 12-headed hydra bites you!
* * * LOW HITPOINT WARNING * * *
The 12-headed hydra bites you!
You die...

..............#P...
..............##..#
..................#
..................#
.............P..P##
.......?........##
............P...#
............††P#.
......P.....@D#...
.?...........#......
............## #...#
...........## ##.
.......#..P#
.......#.##
....P#... .......


You could see a 12-headed hydra.

Vanquished Creatures
  A minotaur (Lab)
  Erica (Lair:1)
  2 two-headed ogres (D:8)
  3 death yaks (Lair:5)
  Pikel (D:4)
  A necromancer (Lair:4)
  8 elephants
  2 merfolk sirens
  3 black mambas
  11 spiny frogs
  4 rime drakes
  7 komodo dragons
  A freezing wraith (Lair:2)
  Grinder (D:4)
  2 merfolk (Lair:4)
  3 polar bears
  6 dream sheep (Lair:6)
  9 blink frogs
  The ghost of Zaque the Insei, an amateur OpTm (D:4)
  7 hippogriffs
  2 wyverns
  27 yaks
  2 basilisks
  A naga (Lair:4)
  A warg (Lair:6)
  10 water moccasins
  A hell hound (Lair:6)
  Duvessa (D:4)
  7 porcupines
  Purgy (Sewer)
  2 sky beasts
  4 orc warriors
  7 ice beasts
  3 elephant zombies (Lair:4)
  A phantom (D:5)
  8 wolves
  9 ogres
  2 crocodiles
  4 centaurs
  10 bullfrogs
  A scorpion (D:8)
  A water moccasin skeleton (D:5)
  Dowan (D:4)
  3 wights (D:6)
  2 electric eels (Lair:4)
  7 crimson imps
  A basilisk zombie (Lair:4)
  A quasit (D:7)
  A bullfrog zombie (D:5)
  5 hounds
  3 jellies
  Crazy Yiuf (D:2)
  2 orc priests (D:6)
  A bullfrog skeleton (D:7)
  8 orc wizards
  5 worker ants
  A crocodile zombie (Lair:4)
  A hound skeleton (D:6)
  A howler monkey zombie (D:8)
  4 gnolls (D:2)
  A howler monkey skeleton (D:8)
  8 adders
  3 shadow imps
  A white imp (Lair:2)
  3 oozes
  An adder skeleton (D:4)
  2 worms
  4 leopard geckos
  20 orcs
  3 ball pythons
  5 giant cockroaches
  7 goblins
  5 hobgoblins (D:1)
  10 jackals
  9 kobolds
  4 quokkas
  7 bats
  6 frilled lizards
  2 jackal skeletons (D:4)
  A leopard gecko skeleton (D:7)
  4 rats
  A bush (Lair:5)
  A butterfly (Lair:5)
  A fungus (Lair:4)
  4 plants
340 creatures vanquished.

Vanquished Creatures (collateral kills)
  A crocodile (Lair:4)
1 creature vanquished.

Vanquished Creatures (others)
  4 hydras
  The ghost of kohrah the Unseen, a journeyman FeMo of Nemelex Xobeh (Lair:6)
  An oklob plant (Lair:5)
  A slave (D:4)
  An electric eel (Lair:4)
  A worker ant (D:4)
  5 fungi
  9 plants
23 creatures vanquished.

Grand Total: 364 creatures vanquished

Notes
Turn   | Place    | Note
-------+----------+-------------------------------------------
     0 | Abyss:1  | Gargoyl the Minotaur Abyssal Knight began the quest for the Orb.
     0 | Abyss:1  | Reached XP level 1. HP: 19/19 MP: 1/1
    62 | Abyss:2  | Noticed an ice devil
    83 | Abyss:2  | Found a corrupted altar of Lugonu.
    87 | Abyss:3  | Noticed a ghost crab
    87 | Abyss:3  | Noticed a kraken
    87 | Abyss:3  | Noticed a fire crab
    90 | D:1      | Escaped the Abyss
   162 | D:1      | Reached XP level 2. HP: 21/27 MP: 2/2
   290 | D:1      | Reached * piety under Lugonu
   816 | D:1      | Reached skill level 1 in Stealth
   870 | D:2      | Reached XP level 3. HP: 29/33 MP: 3/3
   877 | D:2      | Reached XP level 4. HP: 22/40 MP: 4/4
  1270 | D:2      | Reached skill level 1 in Shields
  1383 | D:2      | Found a runed door.
  1742 | D:2      | Reached ** piety under Lugonu
  1771 | D:2      | Found an ancient bone altar of Kikubaaqudgha.
  1771 | D:2      | Found an iron altar of Okawaru.
  1967 | D:2      | Noticed Crazy Yiuf
  1977 | D:2      | Killed Crazy Yiuf
  2331 | D:3      | Reached XP level 5. HP: 45/46 MP: 5/5
  2377 | D:3      | Found a shadowy altar of Dithmenos.
  2573 | D:3      | Found a faded altar of an unknown god.
  2832 | D:4      | Found a glowing drain.
  2840 | D:4      | Noticed Zaque's ghost (amateur OpTm)
  2860 | Sewer    | Entered a sewer
  2961 | Sewer    | Noticed Purgy
  2990 | Sewer    | Killed Purgy
  2990 | Sewer    | Reached XP level 6. HP: 35/52 MP: 7/7
  3326 | D:4      | Noticed Grinder
  3353 | D:4      | Killed Grinder
  3353 | D:4      | Reached XP level 7. HP: 22/59 MP: 8/8
  3753 | D:4      | Noticed Dowan
  3756 | D:4      | Noticed Duvessa
  3773 | D:4      | Killed Dowan
  3779 | D:4      | Killed Duvessa
  3779 | D:4      | Reached skill level 5 in Axes
  3779 | D:4      | Reached skill level 5 in Armour
  3795 | D:4      | Killed Zaque's ghost
  3997 | D:4      | Noticed Pikel
  4063 | D:4      | Killed Pikel
  4063 | D:4      | Reached skill level 5 in Shields
  4063 | D:4      | Reached XP level 8. HP: 55/67 MP: 9/9
  4163 | D:4      | Found a white marble altar of Elyvilon.
  4434 | D:5      | Entered Level 5 of the Dungeon
  4834 | D:5      | Found a staircase to the Ecumenical Temple.
  5239 | D:6      | Reached *** piety under Lugonu
  5264 | D:6      | Reached XP level 9. HP: 44/73 MP: 11/11
  5429 | D:6      | Reached skill level 5 in Fighting
  6197 | D:6      | Found a hazy altar of Hepliaklqana.
  6461 | D:7      | Found Wipug's Weapon Boutique.
  6490 | D:7      | Bought a +0 hand axe of venom for 61 gold pieces
  6498 | D:7      | Reached **** piety under Lugonu
  6600 | D:7      | Reached skill level 5 in Stealth
  6622 | D:7      | Reached skill level 5 in Invocations
  7096 | D:7      | Reached skill level 1 in Throwing
  7255 | D:8      | Reached XP level 10. HP: 81/81 MP: 12/12
  7257 | D:8      | Found a staircase to the Lair.
  7534 | D:8      | Found a shattered altar of Ashenzari.
  7543 | D:8      | Found a snail-covered altar of Cheibriados.
  7547 | D:8      | Found a shimmering altar of Xom.
  7708 | D:8      | Noticed a two-headed ogre
  7719 | D:8      | Killed a two-headed ogre
  7756 | D:8      | Noticed a two-headed ogre
  7772 | D:8      | Killed a two-headed ogre
  8199 | D:8      | Found a burning altar of Makhleb.
  8706 | Lair:1   | Entered Level 1 of the Lair of Beasts
  9021 | Lair:1   | Reached XP level 11. HP: 39/89 MP: 14/14
  9299 | Lair:1   | Noticed a six-headed hydra
  9306 | Lair:1   | Banished a six-headed hydra
  9382 | Lair:1   | Noticed Erica
  9406 | Lair:1   | Killed Erica
  9406 | Lair:1   | Reached skill level 10 in Axes
 10344 | Lair:2   | Reached skill level 10 in Armour
 10357 | Lair:2   | Reached skill level 10 in Shields
 10984 | Lair:2   | Identified Sif Muna's Compendium of Harmful Creation
 11989 | Lair:3   | Reached XP level 12. HP: 88/100 MP: 16/16
 12629 | Lair:4   | Reached ***** piety under Lugonu
 12887 | Lair:4   | Found a staircase to the Snake Pit.
 13140 | Lair:4   | Noticed a six-headed hydra
 13323 | Lair:4   | Banished a six-headed hydra
 13479 | Lair:4   | Found a staircase to the Shoals.
 14247 | Lair:5   | Noticed a death yak
 14249 | Lair:5   | Noticed a death yak
 14250 | Lair:5   | Noticed a death yak
 14317 | Lair:5   | Killed a death yak
 14333 | Lair:5   | Killed a death yak
 14341 | Lair:5   | Killed a death yak
 14616 | Lair:5   | Noticed a seven-headed hydra
 14618 | Lair:5   | Banished a seven-headed hydra
 14625 | Lair:5   | Found a labyrinth entrance.
 14636 | Lab      | Entered a labyrinth
 14817 | Lab      | Noticed a minotaur
 14830 | Lab      | Killed a minotaur
 14830 | Lab      | Reached XP level 13. HP: 107/107 MP: 18/18
 15747 | Lair:6   | Entered Level 6 of the Lair of Beasts
 16106 | Lair:6   | Noticed kohrah's ghost (journeyman FeMo)
 16132 | Lair:6   | Found a staircase to the Slime Pits.
 16200 | Lair:6   | Banished kohrah's ghost
 16403 | Lair:6   | Slain by a 12-headed hydra

Skill      XL: |  1  2  3  4  5  6  7  8  9 10 11 12 13 |
---------------+----------------------------------------+-----
Invocations    | 2 3 4 5 6 7 8 9 |  9.2
Armour         | 3 4 6 7 9 10 12 | 12.6
Stealth        | 1 2 3 4 5 6 7 8 |  8.9
Axes           | 3 4 6 7 8 9 10 11 12 | 12.2
Shields        | 1 2 3 5 6 8 9 10 11 12 | 12.3
Fighting       | 4 5 6 7 8 |  8.4
Dodging        | 2 3 4 |  4.0
Throwing       | 1 |  1.7

Action                   |  1- 3 |  4- 6 |  7- 9 | 10-12 | 13-15 || total
-------------------------+-------+-------+-------+-------+-------++-------
Melee: Hand axe          |    66 |   174 |   435 |   809 |   266 ||  1750
       Headbutt          |     6 |    26 |    80 |   213 |    58 ||   383
Throw: Javelin           |       |       |    14 |     4 |       ||    18
       Tomahawk          |       |       |       |       |     1 ||     1
Invok: Depart the Abyss  |     1 |       |       |       |       ||     1
       Banish            |       |       |       |     5 |     6 ||    11
       Bend Space        |       |       |       |     2 |       ||     2
  Use: Scroll            |     6 |     6 |     8 |     6 |     3 ||    29
       Potion            |       |     1 |       |     2 |    12 ||    15
 Stab: Sleeping          |     2 |     6 |     7 |    15 |       ||    30
       Distracted        |       |       |       |     1 |       ||     1
  Eat: Chunk             |       |     8 |    13 |    15 |     5 ||    41
       Bread ration      |       |       |       |     3 |       ||     3
Armor: Leather armour    |     8 |       |       |       |       ||     8
       Shadow dragon sca |    62 |   125 |   211 |   399 |   192 ||   989
       Scale mail        |     3 |       |       |       |       ||     3
       Skin              |       |       |       |       |    44 ||    44
Dodge: Dodged            |    33 |    16 |    38 |   114 |    64 ||   265
Block: Large shield      |    55 |   133 |   361 |   654 |   274 ||  1477
